 Dungeon Crawl Stone Soup version 0.21-a0-417-g0adc95b (webtiles) character file.

124728 dricus the Bludgeoner (level 17, -3/158 HPs)
             Began as a Formicid Abyssal Knight on Nov 2, 2017.
             Was the Champion of Lugonu.
             Slain by a five-headed hydra (5 damage)
             ... on level 2 of the Swamp on Nov 3, 2017.
             The game lasted 01:17:43 (32503 turns).

dricus the Bludgeoner (Formicid Abyssal Knight)    Turns: 32503, Time: 01:17:43

Health: -3/158     AC: 25    Str: 22    XL:     17   Next: 48%
Magic:  25/25      EV:  3    Int: 17    God:    Lugonu [******]
Gold:   2535       SH:  0    Dex: 16    Spells: 16/16 levels left

rFire    + . .     SeeInvis +   a - +2 great mace (holy)
rCold    . . .     Gourm    .   g - +0 large shield
rNeg     . . .     Faith    .   C - +0 plate armour
rPois    +         Spirit   .   (helmet unavailable)
rElec    .         Reflect  .   m - +1 cloak
rCorr    +         Harm     .   O - +2 pair of gloves {Dex+3}
MR       +....                  B - +2 pair of boots of Space {Int+6}
Stlth    ..........             u - amulet of regeneration
HPRegen  0.76/turn              E - ring of resist corrosion
MPRegen  0.19/turn              P - ring of protection from fire

@: confused, very heavily drained, very slow
A: permanent stasis, dig shafts and tunnels, four strong arms, antennae 3, icy
blue scales 1, yellow scales 1, poison resistance, robust 1, wild magic 1
a: Dig, Shaft Self, Depart the Abyss, Bend Space, Banish, Corrupt, Enter the
Abyss, Brand Weapon With Distortion, Renounce Religion


You were on level 2 of the Swamp.
You worshipped Lugonu.
Lugonu was exalted by your worship.
You were hungry.

You visited 4 branches of the dungeon, and saw 25 of its levels.
You visited the Abyss 1 time.
You also visited: Ice Cave.

You collected 3352 gold pieces.
You spent 817 gold pieces at shops.

Inventory:

Hand Weapons
 a - a +2 great mace of holy wrath (weapon)
 w - a +3 eveningstar of draining
Missiles
 o - 2 throwing nets (quivered)
Armour
 g - a +0 large shield (worn)
 m - a +1 cloak (worn)
 B - the +2 pair of boots of Space (worn) {Int+6}
   (You bought it in a shop on level 2 of the Orcish Mines)

   It affects your intelligence (+6).
 C - a +0 plate armour (worn)
 O - a +2 pair of gloves of dexterity (worn)
Jewellery
 j - an uncursed ring of wizardry {unknown}
 u - an amulet of regeneration (around neck)
 v - the amulet "Mielodan" {Reflect *Drain +Inv rPois Int+4 SH+3}
   (You acquired it on level 5 of the Lair of Beasts)

   [amulet of reflection]

   It shields you and reflects attacks.
   It affects your intelligence (+4).
   It protects you from poison.
   It lets you turn invisible.
   It causes draining when unequipped.
   It affects your SH (+3).
 y - an uncursed ring of protection from cold
 E - a ring of resist corrosion (left hand)
 F - an uncursed ring of protection from magic
 P - a ring of protection from fire (right hand)
 U - an uncursed ring of flight
Wands
 b - a wand of iceblast (5/15)
 f - a wand of lightning (15/15)
 l - a wand of disintegration (6/24)
 z - a wand of enslavement (13/24)
 K - a wand of paralysis (5/24)
 S - a wand of iceblast (4/15)
Scrolls
 d - 4 scrolls of fog
 n - 5 scrolls of fear
 p - a scroll of magic mapping
 q - 9 scrolls of remove curse
 r - 3 scrolls of immolation
 t - 2 scrolls of recharging
 D - 6 scrolls of amnesia
 I - a scroll of identify {@r9}
 R - 3 scrolls of enchant weapon
Potions
 e - 3 potions of magic
 h - 3 potions of resistance
 i - 3 potions of invisibility
 s - a potion of flight
 x - 6 potions of curing {@q9}
 A - 4 potions of lignification
 J - a potion of mutation
 L - 3 potions of brilliance
 N - a potion of ambrosia
Comestibles
 c - 13 bread rations
 k - 13 royal jellies
 G - 3 chunks of flesh
 Q - 11 meat rations


   Skills:
 + Level 16.2(10.7) Fighting
 * Level 19.0(13.1) Maces & Flails
 - Level 11.0(6.1) Armour
 - Level 3.1(0.0) Dodging
 + Level 10.7(5.8) Shields
 - Level 10.9(6.0) Invocations


You had 16 spell levels left.
You didn't know any spells.

Dungeon Overview and Level Annotations

Branches:
Dungeon (15/15)            Temple (0/1) D:6            Lair (6/6) D:10
  Swamp (2/4) Lair:3        Snake (0/4) Lair:3        Slime (0/5) Lair:5
    Orc (2/2) D:12            Elf (0/3) Orc:2        Vaults (0/5) D:13
 Depths (0/5) D:15

Altars:
Cheibriados
Dithmenos
Fedhas
Gozag
Hepliaklqana
Nemelex Xobeh
Okawaru
Qazlal
Sif Muna
Uskayaw
Vehumet
Xom
Jiyva

Shops:
D:4 [%=   D:10 [   D:12 [[!   Orc:2 [(:*

Annotations:
D:12 1 runed door
Abyss:1 Snorg


Innate Abilities, Weirdness & Mutations

You cannot be hasted, slowed, berserked, paralysed or teleported.
You can dig through walls and to a lower floor.
Your four strong arms can wield two-handed weapons with a shield.
You have a pair of large antennae on your head. (SInv)
You are partially covered in icy blue scales. (AC +2)
You are partially covered in yellow scales. (AC +2)
Your system is resistant to poisons. (rPois)
You are robust. (+10% HP)
Your spells are a little harder to cast, but a little more powerful.


Message History

Space bends around you!
You blink.
You don't have enough health at the moment.
You are confused.
You feel invigorated.
You enter the shallow water.
Moving in this stuff is going to be slow.
The five-headed hydra bites you but does no damage.
The five-headed hydra barely misses you.
The five-headed hydra bites you but does no damage. x2
The five-headed hydra bites you.
* * * LOW HITPOINT WARNING * * *
The alligator bites you but does no damage.
The alligator tail-slaps you but does no damage.
The five-headed hydra bites you but does no damage.
The five-headed hydra bites you!
* * * LOW HITPOINT WARNING * * *
The five-headed hydra bites you.
* * * LOW HITPOINT WARNING * * *
The five-headed hydra bites you.
You die...

♣≈≈≈≈≈§≈.♣ ♣♣.≈≈≈≈≈.♣
♣♣≈≈≈≈≈≈.♣♣
.♣≈.§≈≈≈≈.♣♣
≈...≈≈≈≈≈.≈♣
≈≈≈§≈≈....♣♣♣♣♣♣♣
≈≈≈.≈≈≈..♣♣ ♣≈..♣♣
≈≈.>≈..≈§.♣♣♣.≈≈.♣
≈.§♣♣♣♣.≈...<.≈D@♣
≈≈..≈♣♣♣♣.≈≈≈≈≈t.♣
≈§≈≈.≈♣♣♣.≈≈≈.≈≈.♣
≈≈≈≈≈.≈♣♣♣≈≈♣♣.§.♣
≈≈≈≈..≈♣ ♣♣♣♣♣.♣♣♣
≈≈≈..≈≈♣ ♣♣.....♣♣
≈≈...≈♣♣♣♣.......♣♣
≈≈≈..≈♣♣♣..#####..♣♣
≈≈≈..≈≈♣..##...##..♣♣


You could see an alligator and a five-headed hydra.

Vanquished Creatures
  Rupert (Orc:1)
  Agnes (D:14)
  A thorn hunter (Swamp:1)
  Kirke (D:14)
  Donald (Orc:1)
  Roxanne (D:14)
  A fire giant (D:15)
  An orc warlord (Orc:1)
  Louise (Swamp:1)
  Aizul (Lair:3)
  Josephine (D:10)
  Erolcha (D:11)
  2 ice dragons (IceCv)
  9 hydras
  3 centaur warriors
  A death knight (D:13)
  The ghost of sagitran the Carver, a journeyman DsGl of Hepliaklqana (D:9)
  5 alligators (Swamp:2)
  A ghost crab (Swamp:1)
  Erica (D:9)
  An ogre mage (Orc:1)
  9 two-headed ogres
  2 death yaks
  A tengu warrior (D:15)
  A skeletal warrior (D:13)
  5 unseen horrors
  A shambling mangrove (Swamp:2)
  5 orc knights
  A lindwurm (Lair:5)
  2 swamp dragons (Swamp:1)
  3 necromancers (D:13)
  2 deep elf magi (D:15)
  6 cyclopes
  3 manticores
  6 orc sorcerers
  11 ugly things
  2 ice statues (IceCv)
  5 black mambas
  9 elephants
  2 centaur skeletons
  Psyche (D:10)
  2 gargoyles
  15 spiny frogs
  2 rime drakes (IceCv)
  A komodo dragon (shapeshifter) (D:15)
  2 freezing wraiths
  5 komodo dragons
  The ghost of sergedm the Destroyer, a novice DECj (D:4)
  A tengu conjurer (D:14)
  4 trolls
  3 meliai (D:13)
  A troll (shapeshifter) (D:13)
  2 tyrant leeches (Swamp:1)
  3 polar bears (Lair:6)
  12 hornets
  16 blink frogs
  8 hippogriffs
  A dream sheep (Lair:6)
  5 slime creatures
  3 bog bodies
  The ghost of Ijustatesigmund the Sneak, an amateur OpAr (D:5)
  A water elemental (D:13)
  A centaur simulacrum (D:15)
  15 spriggans
  An air elemental (D:13)
  9 wraiths
  47 yaks
  5 hogs (D:14)
  A fire elemental (D:13)
  A hog (shapeshifter) (D:13)
  5 wyverns
  10 vampire mosquitoes
  5 hungry ghosts
  2 basilisks (D:15)
  3 nagas (Lair:3)
  5 wargs
  6 swamp worms
  4 insubstantial wisps (Swamp:2)
  2 acid dragons
  A soldier ant (D:9)
  13 porcupines
  7 water moccasins
  3 swamp drakes (Swamp:1)
  35 orc warriors
  The ghost of sagitran the Chucker, an amateur OgHu (D:3)
  28 ice beasts
  A sky beast (D:15)
  10 black bears
  A necrophage (D:12)
  9 ogres
  An eye of draining (D:15)
  3 boggarts (Lair:6)
  34 wolves
  5 crocodiles
  12 centaurs
  2 big kobolds
  19 bullfrogs
  A gnoll sergeant (D:10)
  An earth elemental (D:13)
  A wyvern skeleton (D:12)
  A scorpion (D:4)
  3 killer bees (D:9)
  9 wights
  3 electric eels
  A howler monkey (D:7)
  10 crimson imps
  2 bullfrog zombies
  7 centaur zombies
  3 jellies
  5 hounds
  A gnoll shaman (D:8)
  16 orc priests
  25 orc wizards
  2 bullfrog skeletons
  2 iguanas
  5 hell rats
  11 worker ants
  A hound zombie (D:9)
  2 hound skeletons
  A worker ant zombie (D:5)
  10 gnolls
  16 adders
  2 river rats (D:9)
  2 shadow imps
  An ooze (D:7)
  An adder skeleton (D:5)
  An adder zombie (D:9)
  2 worms
  2 dart slugs
  4 leopard geckos
  87 orcs
  4 giant cockroaches
  4 goblins
  9 jackals
  14 kobolds
  6 quokkas
  A ball python (D:8)
  7 bats (D:1)
  2 frilled lizards
  A jackal zombie (D:5)
  A leopard gecko skeleton (D:5)
  A quokka skeleton (D:7)
  7 rats
  A briar patch (Swamp:1)
  A bush (D:1)
  A butterfly (Lair:2)
810 creatures vanquished.

Vanquished Creatures (others)
  An orc warlord (Orc:1)
  2 hydras
  A death knight (D:12)
  A tengu warrior (D:14)
  A spriggan druid (Swamp:2)
  A rime drake (Lair:4)
  A swamp drake (Swamp:1)
  A briar patch (Swamp:1)
  16 fungi
  13 plants
38 creatures vanquished.

Grand Total: 848 creatures vanquished

Notes
Turn   | Place    | Note
-------+----------+-------------------------------------------
     0 | Abyss:1  | dricus the Formicid Abyssal Knight began the quest for the Orb.
     0 | Abyss:1  | Reached XP level 1. HP: 18/18 MP: 2/2
    57 | Abyss:1  | Found a corrupted altar of Lugonu.
    65 | D:1      | Escaped the Abyss
   324 | D:1      | Reached XP level 2. HP: 23/24 MP: 3/3
  1410 | D:2      | Reached ** piety under Lugonu
  1410 | D:2      | Reached XP level 3. HP: 28/30 MP: 4/4
  1499 | D:2      | Reached skill level 3 in Maces & Flails
  1803 | D:3      | Noticed sagitran's ghost (amateur OgHu)
  1825 | D:3      | Killed sagitran's ghost
  1825 | D:3      | Reached skill level 4 in Maces & Flails
  1825 | D:3      | Reached skill level 1 in Shields
  1825 | D:3      | Reached XP level 4. HP: 26/37 MP: 5/5
  1825 | D:3      | Reached XP level 5. HP: 30/42 MP: 6/6
  2440 | D:3      | Reached XP level 6. HP: 39/49 MP: 7/7
  2491 | D:3      | Reached skill level 5 in Maces & Flails
  2869 | D:4      | Found an iron altar of Okawaru.
  2869 | D:4      | Found Wofez's Food Shop.
  2895 | D:4      | Reached skill level 5 in Fighting
  3127 | D:4      | Found a hide-covered altar of Uskayaw.
  3147 | D:4      | Found a snail-covered altar of Cheibriados.
  3154 | D:4      | Found a stormy altar of Qazlal.
  3345 | D:4      | Reached XP level 7. HP: 56/56 MP: 8/8
  3402 | D:4      | Noticed sergedm's ghost (novice DECj)
  3423 | D:4      | Gained mutation: You are partially covered in slimy green scales. (AC +2) [potion of mutation]
  3423 | D:4      | Gained mutation: You possess an exceptional clarity of mind. [potion of mutation]
  3423 | D:4      | Gained mutation: You do not regenerate when monsters are visible. [potion of mutation]
  3423 | D:4      | Gained mutation: You are partially covered in icy blue scales. (AC +2) [potion of mutation]
  3431 | D:4      | HP: 2/84 [sergedm's ghost (4)]
  3432 | D:4      | Killed sergedm's ghost
  3432 | D:4      | Reached skill level 6 in Maces & Flails
  3887 | D:4      | Found Inoenemn's Antique Armour Shop.
  3892 | D:4      | Bought a shield for 108 gold pieces
  3935 | D:4      | Found a hazy altar of Hepliaklqana.
  4013 | D:4      | Found Ataumot's Jewellery Shop.
  4070 | D:5      | Entered Level 5 of the Dungeon
  4131 | D:5      | Noticed Ijustatesigmund's ghost (amateur OpAr)
  4178 | D:5      | Killed Ijustatesigmund's ghost
  4178 | D:5      | Reached XP level 8. HP: 32/64 MP: 9/9
  4195 | D:5      | Reached skill level 7 in Maces & Flails
  4561 | D:5      | Reached *** piety under Lugonu
  4644 | D:5      | Found a blossoming altar of Fedhas.
  4680 | D:5      | Found an opulent altar of Gozag.
  5084 | D:6      | Found a staircase to the Ecumenical Temple.
  5703 | D:7      | Reached skill level 8 in Maces & Flails
  5703 | D:7      | Reached XP level 9. HP: 47/71 MP: 11/11
  5939 | D:7      | Reached skill level 5 in Shields
  6435 | D:7      | Reached skill level 9 in Maces & Flails
  7005 | D:8      | Found a sparkling altar of Nemelex Xobeh.
  7161 | D:8      | Reached skill level 5 in Invocations
  7161 | D:8      | Reached XP level 10. HP: 68/80 MP: 13/13
  7420 | D:9      | Reached **** piety under Lugonu
  7453 | D:9      | Found a faded altar of an unknown god.
  7453 | D:9      | Found a shadowy altar of Dithmenos.
  7458 | D:9      | Found a shimmering altar of Xom.
  7460 | D:9      | Found a radiant altar of Vehumet.
  7462 | D:9      | Found a faded altar of an unknown god.
  7582 | D:9      | Noticed sagitran's ghost (journeyman DsGl)
  7643 | D:9      | Killed sagitran's ghost
  7643 | D:9      | Reached skill level 10 in Maces & Flails
  8162 | D:9      | Found a shimmering altar of Xom.
  8349 | D:9      | Noticed Erica
  8377 | D:9      | Killed Erica
  8377 | D:9      | Reached XP level 11. HP: 23/89 MP: 14/16
  8951 | D:9      | Found a deep blue altar of Sif Muna.
  9249 | D:10     | Entered Level 10 of the Dungeon
  9249 | D:10     | Noticed a death yak
  9351 | D:10     | Noticed a death yak
  9405 | D:10     | Noticed a death yak
  9450 | D:8      | HP: 1/89 [death yak (20)]
  9462 | D:8      | Killed a death yak
  9462 | D:8      | Reached skill level 11 in Maces & Flails
  9928 | D:10     | Noticed Psyche
  9947 | D:10     | Killed Psyche
 10035 | D:10     | Found a staircase to the Lair.
 10549 | D:10     | Found Farphewkoica's Antique Armour Shop.
 10557 | D:10     | Bought a pair of embroidered boots for 285 gold pieces
 10823 | D:10     | Noticed Josephine
 10840 | D:10     | Killed Josephine
 11098 | D:10     | Killed a death yak
 11209 | D:10     | Reached skill level 10 in Fighting
 11209 | D:10     | Reached skill level 12 in Maces & Flails
 11418 | D:11     | Noticed a red ugly thing
 11444 | D:10     | Killed a red ugly thing
 11646 | D:11     | Reached ***** piety under Lugonu
 11770 | D:11     | Reached XP level 12. HP: 96/97 MP: 18/18
 11848 | D:11     | Noticed Erolcha
 11970 | D:11     | Killed Erolcha
 11982 | D:11     | Noticed an unseen horror
 11994 | D:11     | Killed an unseen horror
 12362 | D:11     | Noticed a two-headed ogre
 12376 | D:11     | Killed a two-headed ogre
 12376 | D:11     | Reached skill level 13 in Maces & Flails
 13114 | Lair:1   | Entered Level 1 of the Lair of Beasts
 13234 | Lair:1   | Found a frozen archway.
 13267 | Lair:1   | Reached skill level 10 in Invocations
 13392 | IceCv    | Entered an ice cave
 14221 | IceCv    | Reached XP level 13. HP: 106/106 MP: 20/20
 14286 | IceCv    | Noticed an ice dragon
 14292 | IceCv    | Noticed an ice dragon
 14329 | IceCv    | Killed an ice dragon
 14618 | IceCv    | Killed an ice dragon
 15008 | IceCv    | Reached skill level 14 in Maces & Flails
 15570 | Lair:1   | Reached skill level 1 in Dodging
 16988 | Lair:3   | Found a staircase to the Swamp.
 17026 | Lair:3   | Noticed Snorg
 17063 | Lair:3   | Banished Snorg
 17501 | Lair:3   | Found a staircase to the Snake Pit.
 18611 | Lair:4   | Reached skill level 5 in Armour
 19276 | Lair:5   | Noticed a five-headed hydra
 19296 | Lair:4   | Killed a five-headed hydra
 19296 | Lair:4   | Reached XP level 14. HP: 85/118 MP: 22/22
 19682 | D:9      | Lost mutation: You possess an exceptional clarity of mind. [potion of mutation]
 19682 | D:9      | Lost mutation: You are partially covered in slimy green scales. (AC +2) [potion of mutation]
 19682 | D:9      | Lost mutation: You do not regenerate when monsters are visible. [potion of mutation]
 19682 | D:9      | Gained mutation: You are frail. (-10% HP) [potion of mutation]
 19682 | D:9      | Gained mutation: You have sharp fingernails. [potion of mutation]
 19682 | D:9      | Gained mutation: Your spells are a little harder to cast, but a little more powerful. [potion of mutation]
 19682 | D:9      | Gained mutation: Your system is resistant to poisons. (rPois) [potion of mutation]
 19683 | D:9      | Lost mutation: You are frail. (-10% HP) [potion of mutation]
 19683 | D:9      | Lost mutation: Your spells are a little harder to cast, but a little more powerful. [potion of mutation]
 19683 | D:9      | Lost mutation: You have sharp fingernails. [potion of mutation]
 19683 | D:9      | Gained mutation: You are partially covered in yellow scales. (AC +2) [potion of mutation]
 19683 | D:9      | Gained mutation: Your spells are a little harder to cast, but a little more powerful. [potion of mutation]
 19683 | D:9      | Gained mutation: You are robust. (+10% HP) [potion of mutation]
 19851 | Lair:5   | Reached ****** piety under Lugonu
 20044 | Lair:5   | Reached skill level 15 in Maces & Flails
 20152 | Lair:5   | Found a staircase to the Slime Pits.
 20152 | Lair:5   | Found a viscous altar of Jiyva.
 20564 | Lair:5   | Identified a scroll of acquirement
 20567 | Lair:5   | Got a heavily runed platinum amulet
 20666 | Lair:6   | Entered Level 6 of the Lair of Beasts
 21958 | Lair:6   | Reached XP level 15. HP: 129/138 MP: 23/23
 22460 | D:12     | Reached skill level 16 in Maces & Flails
 22490 | D:12     | Found Ahalofoesa's Armour Emporium.
 22496 | D:12     | Found a runed door.
 22615 | D:12     | Found Hagaiqan's Armour Boutique.
 23100 | D:12     | Found a staircase to the Orcish Mines.
 23152 | D:12     | Found Oniq's Distillery.
 23159 | D:12     | Bought a potion of heal wounds for 50 gold pieces
 23159 | D:12     | Bought a potion of heal wounds for 50 gold pieces
 23159 | D:12     | Bought a potion of curing for 30 gold pieces
 23350 | D:12     | Identified the amulet "Mielodan" {Reflect *Drain +Inv rPois Int+4 SH+3} (You acquired it on level 5 of the Lair of Beasts)
 23473 | D:13     | Found a large runed door.
 23481 | D:13     | Found a large runed door.
 23932 | D:13     | You fall through a shaft for 2 floors!
 23932 | D:15     | Entered Level 15 of the Dungeon
 23934 | D:15     | Found a staircase to the Depths.
 23935 | D:15     | Noticed a fire giant
 24220 | D:14     | Noticed Roxanne
 24739 | D:13     | Reached skill level 17 in Maces & Flails
 24964 | D:13     | Found a gate to the Vaults.
 25586 | D:14     | Noticed Agnes
 25613 | D:14     | Killed Agnes
 25613 | D:14     | Reached skill level 15 in Fighting
 25613 | D:14     | Reached skill level 10 in Armour
 25613 | D:14     | Reached XP level 16. HP: 68/149 MP: 24/24
 25866 | D:14     | Noticed Kirke
 25991 | D:14     | Killed Kirke
 26322 | D:14     | Killed Roxanne
 26378 | D:14     | Got a brightly glowing marble ring
 26380 | D:14     | Identified the ring "Naewux" {rPois rN+} (You acquired it on level 14 of the Dungeon)
 26384 | D:14     | Found the ring of Shadows {Umbra +Inv Stlth+}
 26992 | D:15     | Killed a fire giant
 27681 | Swamp:1  | Entered Level 1 of the Swamp
 27692 | Swamp:1  | Noticed a thorn hunter
 27822 | Swamp:1  | Killed a thorn hunter
 27982 | Swamp:1  | Noticed Aizul
 28032 | Lair:3   | HP: 3/149 [Aizul (14)]
 28039 | Lair:3   | Killed Aizul
 28039 | Lair:3   | Reached skill level 18 in Maces & Flails
 28323 | Swamp:1  | Noticed Louise
 28341 | Swamp:1  | Killed Louise
 29819 | Orc:1    | Entered Level 1 of the Orcish Mines
 29911 | Orc:1    | Reached XP level 17. HP: 153/158 MP: 25/25
 30007 | Orc:2    | Entered Level 2 of the Orcish Mines
 30007 | Orc:2    | Found a staircase to the Elven Halls.
 30007 | Orc:2    | Noticed Rupert
 30032 | Orc:1    | Killed Rupert
 30202 | Orc:1    | Reached skill level 10 in Shields
 30738 | Orc:2    | Noticed Donald
 30777 | Orc:1    | HP: 6/158 [Donald/eveningstar of draining (8)]
 30783 | Orc:1    | Killed Donald
 31172 | Orc:2    | Found Pahaef's General Store.
 31338 | Orc:1    | HP: 2/158 [troll (9)]
 31639 | Orc:2    | Found Kaihy's Book Emporium.
 31719 | Orc:2    | Found Feimp's Antique Weapon Emporium.
 31999 | Orc:2    | Found Guva's Antique Armour Emporium.
 32033 | Orc:2    | Reached skill level 19 in Maces & Flails
 32092 | Orc:2    | Bought a pair of steaming boots for 294 gold pieces
 32102 | Orc:2    | Identified the +2 pair of boots of Space {Int+6} (You bought it in a shop on level 2 of the Orcish Mines)
 32226 | Lair:1   | Upgraded the game from 0.21-a0-414-gba8bdf1 to 0.21-a0-417-g0adc95b
 32494 | Swamp:2  | HP: 5/158 [alligator (5)]
 32503 | Swamp:2  | HP: 3/158 [five-headed hydra (9)]
 32503 | Swamp:2  | Slain by a five-headed hydra

Vault maps used:
D:1:      dpeg_arrival_round_c, serial_forest, infiniplex_forest_straight_3,
          infiniplex_forest_clump_curved, infiniplex_forest_end_1,
          infiniplex_forest_3_way, infiniplex_forest_lined_4_way
D:2:      first_bread
D:4:      eat_drink_and_be_merry_uskayaw, grunt_temple_overflow_open,
          marbit_many_paths, serial_shops, shop, nicolae_shop_behind_doors,
          kennysheep_little_box
D:5:      lemuel_crystal_altar, fedhas_altar_2
D:6:      minmay_temple_entry_hall
D:7:      cheibrodos_fzero
D:8:      basic_altar
D:9:      led_sif_book, chequers_temple_overflow_minitemple, special_room,
          basic_altar, hangedman_pestilent_swarm, uniq_erica
D:10:     dpeg_lair_monsters, serial_shops, nicolae_shop_window_shopping,
          hangedman_abyss_or_decor_clamps, uniq_josephine, uniq_psyche
D:11:     uniq_erolcha
D:12:     cheibrodos_shockbox, orc_0_dummy, serial_shops, shop_fountains, shop,
          shop_statue
D:13:     david_vaults_1, lightli_elemental_guards
D:14:     infiniplex_staircase_squiggle, grunt_ministairs_6, uniq_agnes,
          uniq_kirke, uniq_roxanne
D:15:     grunt_enter_depths_giant_problem, minmay_misc_feat_more_columns,
          onia_ninara_cookie
Lair:1:   portal_ice_cave_entry_ice_beasts
Lair:2:   serial_bayou_shore_a, lemuel_fruit_fields
Lair:3:   swamp_mist, guppyfry_snake_entry_island, serial_bayou_shore_b,
          uniq_snorg
Lair:5:   slime_altar_1, grunt_megastairs_1, infiniplex_staircase_pool
Lair:6:   minmay_lair_end_enchanted_forest, serial_forest,
          infiniplex_forest_straight_5, infiniplex_forest_clump_cross,
          infiniplex_forest_end_2, infiniplex_forest_clump_small,
          infiniplex_forest_clump_medium, infiniplex_forest_zigzag_1,
          infiniplex_forest_lined_room_3, infiniplex_forest_straight_5,
          infiniplex_forest_end_3, infiniplex_staircase_pool_2
Swamp:1:  nicolae_swamp_treefoil, uniq_louise, uniq_aizul
Swamp:2:  evilmike_swamp_ruin_house_3
Orc:2:    grunt_orc_gardens, grunt_orc_garden, grunt_orc_garden,
          grunt_orc_garden, grunt_orc_garden, uniq_donald, uniq_rupert
IceCv:    ice_cave_small_dragons

Skill      XL: |  1  2  3  4  5  6  7  8  9 10 11 12 13 14 15 16 17 |
---------------+----------------------------------------------------+-----
Maces & Flails | 4 5 6 8 9 10 12 13 14 15 17 18 19 | 19.0
Fighting       | 4 5 6 7 9 10 11 13 14 15 16 | 16.2
Shields        | 1 2 3 4 6 7 9 10 | 10.7
Invocations    | 3 5 6 8 10 | 10.9
Dodging        | 3 |  3.1
Armour         | 5 8 10 11 | 11.0

Action                   |  1- 3 |  4- 6 |  7- 9 | 10-12 | 13-15 | 16-18 || total
-------------------------+-------+-------+-------+-------+-------+-------++-------
Melee: Mace              |   154 |       |       |       |       |       ||   154
       Flail             |    45 |   177 |   380 |       |       |       ||   602
       Dire flail        |       |       |   104 |  1014 |   320 |       ||  1438
       Great mace        |       |       |       |       |  1247 |   905 ||  2152
       Eveningstar       |       |       |       |       |       |    45 ||    45
Invok: Bend Space        |       |       |       |     6 |       |     7 ||    13
       Banish            |       |       |       |     2 |     6 |     8 ||    16
 Abil: Dig               |       |     1 |     2 |    11 |     8 |     8 ||    30
  Use: Scroll            |       |     2 |     6 |     9 |    18 |     3 ||    38
       Potion            |       |       |     6 |     2 |     3 |    15 ||    26
 Stab: Confused          |       |       |       |       |     2 |       ||     2
  Eat: Chunk             |     3 |     6 |    12 |    20 |    34 |    18 ||    93
       Fruit             |       |       |     1 |     8 |    10 |     5 ||    24
       Royal jelly       |       |       |       |     1 |     2 |     2 ||     5
Armor: Ring mail         |    28 |       |       |       |       |       ||    28
       Leather armour    |    10 |       |       |       |       |       ||    10
       Chain mail        |    26 |   107 |       |       |       |       ||   133
       Plate armour      |       |     5 |   295 |   379 |   782 |   505 ||  1966
       Skin              |       |       |    26 |       |       |       ||    26
Dodge: Dodged            |    52 |    74 |    81 |   127 |   379 |   193 ||   906
Block: Buckler           |     3 |    33 |     6 |       |       |       ||    42
       Shield            |       |       |   194 |   419 |   806 |   142 ||  1561
       Large shield      |       |       |       |       |       |   543 ||   543

Table legend:
 A = Spawn XP
 B = Non-spawn XP
 C = Spawn XP percentage of total XP
 D = Spawn monster count
 E = Non-spawn monster count
 F = Spawn count percentage of total count
 G = Total turns spent on level
                    A         B        C        D         E        F      G
               +---------+---------+-------+---------+---------+-------+---------
         Total |       0 |  178183 |   0.0 |       0 |     814 |   0.0 | 32503
               +---------+---------+-------+---------+---------+-------+---------
           D:1 |       0 |      22 |   0.0 |       0 |      15 |   0.0 |   917
           D:2 |       0 |      13 |   0.0 |       0 |       5 |   0.0 |   554
           D:3 |       0 |     388 |   0.0 |       0 |      28 |   0.0 |  1532
           D:4 |       0 |     506 |   0.0 |       0 |      11 |   0.0 |  1002
           D:5 |       0 |     612 |   0.0 |       0 |      18 |   0.0 |   723
           D:6 |       0 |     132 |   0.0 |       0 |       6 |   0.0 |   817
           D:7 |       0 |    1648 |   0.0 |       0 |      31 |   0.0 |  1045
           D:8 |       0 |    1651 |   0.0 |       0 |      17 |   0.0 |  1048
           D:9 |       0 |    4291 |   0.0 |       0 |      67 |   0.0 |  2255
          D:10 |       0 |    5843 |   0.0 |       0 |      40 |   0.0 |  1892
          D:11 |       0 |    7027 |   0.0 |       0 |      37 |   0.0 |  1533
          D:12 |       0 |    7898 |   0.0 |       0 |      32 |   0.0 |  1138
          D:13 |       0 |   15478 |   0.0 |       0 |      60 |   0.0 |  1437
          D:14 |       0 |   15523 |   0.0 |       0 |      35 |   0.0 |  1522
          D:15 |       0 |   15201 |   0.0 |       0 |      43 |   0.0 |  1225
        Lair:1 |       0 |    4478 |   0.0 |       0 |      26 |   0.0 |  1311
        Lair:2 |       0 |    1572 |   0.0 |       0 |      10 |   0.0 |   885
        Lair:3 |       0 |    6983 |   0.0 |       0 |      25 |   0.0 |  1692
        Lair:4 |       0 |    7230 |   0.0 |       0 |      29 |   0.0 |  1287
        Lair:5 |       0 |   10797 |   0.0 |       0 |      38 |   0.0 |  1138
        Lair:6 |       0 |   16084 |   0.0 |       0 |      66 |   0.0 |  1474
       Swamp:1 |       0 |   11897 |   0.0 |       0 |      22 |   0.0 |   956
       Swamp:2 |       0 |   11314 |   0.0 |       0 |      28 |   0.0 |   907
         Orc:1 |       0 |   19671 |   0.0 |       0 |      67 |   0.0 |  1436
         Orc:2 |       0 |    6444 |   0.0 |       0 |      38 |   0.0 |   916
         IceCv |       0 |    5480 |   0.0 |       0 |      20 |   0.0 |  1796
               +---------+---------+-------+---------+---------+-------+---------
